 Dungeon Crawl Stone Soup version 0.21-a0-401-g0b6bec4 (webtiles) character file.

43 Moop204 the Caller (level 3, -2/19 HPs)
             Began as a Deep Elf Summoner on Oct 24, 2017.
             Was a Follower of Qazlal.
             Slain by a worm (13 damage)
             ... on level 3 of the Dungeon.
             The game lasted 00:13:15 (1759 turns).

Moop204 the Caller (Deep Elf Summoner)              Turns: 1759, Time: 00:13:15

Health: -2/19      AC:  6    Str:  5    XL:     3   Next: 37%
Magic:  7/10       EV:  6    Int: 20    God:    Qazlal [*.....]
Gold:   158        SH:  1    Dex: 15    Spells: 8/9 levels left

rFire    . . .     SeeInvis +   j - +0 hand axe
rCold    . . .     Gourm    .   (no shield)
rNeg     . . .     Faith    .   s - +0 scale mail
rPois    .         Spirit   .   (no helmet)
rElec    .         Reflect  .   (no cloak)
rCorr    .         Harm     .   (no gloves)
MR       .....                  (no boots)
Stlth    +.........             i - amulet of magic regeneration
HPRegen  0.06/turn              v - ring of see invisible
MPRegen  0.37/turn              (no ring)

@: very slightly contaminated
A: no striking features
a: Renounce Religion


You were on level 3 of the Dungeon.
You worshipped Qazlal.
Qazlal was aware of your devotion.
You were very hungry.

You visited 1 branch of the dungeon, and saw 3 of its levels.

You collected 210 gold pieces.
You paid 52 gold pieces to Gozag.

Inventory:

Hand Weapons
 d - a +0 whip of flaming
 j - a +0 hand axe (weapon)
Armour
 a - a +0 robe
 s - a +0 scale mail (worn)
 w - a +0 scale mail
Jewellery
 i - an amulet of magic regeneration (around neck)
 v - a ring of see invisible (left hand)
Scrolls
 f - 2 scrolls of immolation {unknown}
 l - a scroll of remove curse {unknown}
 n - a scroll of teleportation {unknown}
 o - a scroll of recharging {unknown}
 q - a scroll of enchant armour {unknown}
 r - a scroll of random uselessness {unknown}
 u - a scroll of magic mapping {unknown}
 x - a scroll of noise {unknown}
Potions
 e - a potion of curing {unknown}
 g - a potion of degeneration {unknown}
 h - a potion of invisibility {unknown}
 p - 2 potions of heal wounds {unknown}
 t - 2 potions of haste {unknown}
Books
 b - a book of Callings

   Spells                             Type                      Level
   a - Summon Small Mammal            Summoning                    1
   b - Call Imp                       Summoning                    2
   c - Call Canine Familiar           Summoning                    3
   d - Summon Guardian Golem          Hexes/Summoning              3
   e - Summon Lightning Spire         Summoning/Air                4
   f - Summon Ice Beast               Ice/Summoning                4
Comestibles
 c - 5 bread rations
 k - a royal jelly
 m - 2 meat rations


   Skills:
 + Level 0.3 Axes
 + Level 2.6 Dodging
 + Level 2.6 Stealth
 + Level 3.6 Spellcasting
 + Level 5.1 Summonings


You had 8 spell levels left.
You knew the following spells:

 Your Spells              Type           Power        Failure   Level  Hunger
a - Summon Small Mammal   Summ           ###.         38%         1    None


Dungeon Overview and Level Annotations

Branches:
Dungeon (3/15)

Altars:
Dithmenos
Gozag
Qazlal


Message History

The orc hits your quokka.
Your quokka dies!
Your quokka's corpse disappears in a puff of smoke!
The worm barely misses you.
Your quokka bites the giant cockroach.
The orc hits your rat. The giant cockroach bites your quokka.
The orc hits you but does no damage.
Your rat barely misses the worm.
The worm barely misses you.
The orc shouts!
You hit the giant cockroach.
You kill the giant cockroach!
Qazlal accepts your kill.
You barely miss the worm. You closely miss the orc.
The orc hits you with an enchanted hand axe.
The orc hits your rat with an enchanted hand axe!
Your rat dies!
Your rat's corpse disappears in a puff of smoke!
Your rat bites the worm but does no damage.
The worm bites you!
Ouch! That really hurt!
You die...

#######
.....o.###
$..ooo§(.#######
#o@r.......
###w####### #r#
... .... ##.###
#.# #.#


You could see a worm (berserk), an orc wizard, 4 orcs, a friendly quokka and a
friendly rat.

Vanquished Creatures
  An orc (D:2)
  A giant cockroach (D:3)
  A ball python (D:2)
  2 frilled lizards (D:2)
5 creatures vanquished.

Vanquished Creatures (collateral kills)
  2 adders (D:2)
  2 oozes
  2 worms (D:2)
  A dart slug (D:1)
  A leopard gecko (D:2)
  3 bats
  A giant cockroach (D:2)
  6 goblins
  2 frilled lizards (D:1)
  4 kobolds (D:1)
  3 rats
27 creatures vanquished.

Grand Total: 32 creatures vanquished

Notes
Turn   | Place    | Note
-------+----------+-------------------------------------------
     0 | D:1      | Moop204 the Deep Elf Summoner began the quest for the Orb.
     0 | D:1      | Reached XP level 1. HP: 10/10 MP: 6/6
   296 | D:1      | Reached XP level 2. HP: 15/15 MP: 8/8
   298 | D:1      | Found a shadowy altar of Dithmenos.
  1026 | D:2      | Reached skill level 5 in Summonings
  1104 | D:2      | Reached XP level 3. HP: 12/19 MP: 10/10
  1113 | D:2      | Found an opulent altar of Gozag.
  1237 | D:2      | Became a worshipper of Gozag Ym Sagoz the Greedy
  1439 | D:2      | Found a faded altar of an unknown god.
  1571 | D:2      | Fell from the grace of Gozag
  1571 | D:2      | Became a worshipper of Qazlal Stormbringer
  1571 | D:2      | Reached * piety under Qazlal
  1759 | D:3      | Slain by a worm

Vault maps used:
D:1:      lightli_arrival_statue_moat, minmay_hexomino_r4
D:2:      chequers_ecumenical_altar_simple_redux, first_bread,
          serial_bayou_ford_a, minivault_26, grunt_gozag_breadcrumbs
D:3:      cheibrodos_ashenzari_chains

Skill      XL: |  1  2 |
---------------+-------+-----
Summonings     | 5 |  5.1
Axes           | |  0.3
Dodging        | |  2.6
Stealth        | |  2.6
Spellcasting   | |  3.6

Action                   || total
-------------------------++-------
Melee: Hand axe          ||    33
 Cast: Summon Small Mamm ||    52
  Use: Scroll            ||     1
  Eat: Chunk             ||     1
Armor: Robe              ||     7
       Scale mail        ||    20
Dodge: Dodged            ||    49
Block: Other             ||     1

Table legend:
 A = Spawn XP
 B = Non-spawn XP
 C = Spawn XP percentage of total XP
 D = Spawn monster count
 E = Non-spawn monster count
 F = Spawn count percentage of total count
 G = Total turns spent on level
                    A         B        C        D         E        F      G
               +---------+---------+-------+---------+---------+-------+---------
         Total |       0 |      62 |   0.0 |       0 |      32 |   0.0 |  1759
               +---------+---------+-------+---------+---------+-------+---------
           D:1 |       0 |      20 |   0.0 |       0 |      14 |   0.0 |   945
           D:2 |       0 |      41 |   0.0 |       0 |      17 |   0.0 |   803
           D:3 |       0 |       1 |   0.0 |       0 |       1 |   0.0 |    11
               +---------+---------+-------+---------+---------+-------+---------
